 Dungeon Crawl Stone Soup version 0.17-a0-802-g1f09329 (webtiles) character file.

53 Hanyuu the Insei (level 3, -1/23 HPs)
             Began as an Octopode Transmuter on Apr 26, 2015.
             Shot with a sling bullet by a goblin (6 damage)
             ... on level 2 of the Dungeon.
             The game lasted 00:04:49 (1717 turns).

Hanyuu the Insei (Octopode Transmuter)              Turns: 1717, Time: 00:04:49

Health: -1/23      AC:  1    Str:  9    XL:     3   Next: 89%
Magic:  6/6        EV: 12    Int: 15    God:
Gold:   32         SH:  0    Dex: 13    Spells: 3 memorised, 0 levels left

rFire  . . .     SeeInvis .       - Unarmed
rCold  . . .     Clarity  .     (no shield)
rNeg   . . .     SustAb   .     (helmet restricted)
rPois  .         Gourm    .     (no amulet)
rElec  .         Spirit   .     (no ring)
rCorr  .         Warding  .     (no ring)
rMut   .         Stasis   .     (no ring)
MR     .....                    (no ring)
Stlth  ++........               (no ring)
                                (no ring)
                                (no ring)
                                (no ring)

@: not resistant to hostile enchantments, unstealthy
A: almost no armour, amphibious, 8 rings, constrict 8, camouflage 1, gelatinous
body 1
a: no special abilities


You were on level 2 of the Dungeon.
You were not hungry.

You visited 1 branch of the dungeon, and saw 2 of its levels.

You collected 32 gold pieces.

Inventory:

Missiles
 a - 12 arrows
Scrolls
 i - a scroll of noise {unknown}
Potions
 d - a potion of curing {unknown}
 e - a potion of magic {unknown}
 f - a potion of haste {unknown}
 g - a potion of restore abilities {unknown}
Books
 b - a book of Changes

   Spells                             Type                      Level
   a - Beastly Appendage              Transmutation                1
   b - Sticks to Snakes               Transmutation                2
   c - Spider Form                    Transmutation/Poison         3
   d - Ice Form                       Ice/Transmutation            4
   e - Blade Hands                    Transmutation                5
Comestibles
 c - 4 chunks of flesh
 h - a meat ration


   Skills:
 - Level 1.0 Fighting
 - Level 2.0 Dodging
 + Level 4.6 Unarmed Combat
 - Level 2.0 Spellcasting
 - Level 2.0 Transmutations


You couldn't memorise any spells.
You knew the following spells:

 Your Spells              Type           Power        Failure   Level  Hunger
a - Beastly Appendage     Trmt           #.....       12%         1    #......
b - Sticks to Snakes      Trmt           #.........   14%         2    ###....
c - Spider Form           Trmt/Pois      #.........   43%         3    ###....


Dungeon Overview and Level Annotations

Branches:
Dungeon (2/15)

Altars:
Trog


Innate Abilities, Weirdness & Mutations

You cannot wear most types of armour.
You are amphibious.
You can wear up to eight rings at the same time.
You can use your tentacles to constrict eight enemies at once.
Your skin changes colour to match your surroundings (Stealth).
Your rubbery body absorbs attacks (AC +1).


Message History

The goblin shouts!
The goblin unwields an uncursed club.
The goblin wields a hunting sling.
The goblin shoots a sling bullet.
The sling bullet barely misses you.
Things that are here:
a sling bullet; a shiny peridot ring The goblin shoots a sling bullet.
The sling bullet misses you.
The goblin shoots a sling bullet.
The sling bullet misses you.
The goblin shoots a sling bullet.
The sling bullet hits you!
You see here a sling bullet.
A worm comes into view.
The goblin shoots a sling bullet.
The sling bullet hits you.
* * * LOW HITPOINT WARNING * * *
The worm moves out of view.
Found a scroll labeled MEFEBIGOMA.
You see here a sling bullet.
You are too injured to fight recklessly!
You are too injured to fight recklessly!
You see here a sling bullet.
The goblin shoots a sling bullet.
The sling bullet hits you.
You die...

##............###..
..#.#.#.#.....##.#
#.........#...##.### #
#.#.#.#.#.##...)<)..
#.##.........#...##รท##.
#.#..#(#.#.#..#..##.##.
#.............#..##[)..
###..#.#.#.#.....#####)
##..@.........## #.
##(######....# #. #(#
#.......# #) #.#
#.$.....# ## .g#
#.......# ### .#.#
#..:....# #.. .###.
#?....(.# #.# ?# # .....
#.# ## . #.#


You could see a goblin.

Vanquished Creatures
  Robin (D:2)
  2 giant geckos
  A giant cockroach (D:1)
  3 hobgoblins
  5 jackals (D:1)
  3 kobolds (D:1)
  3 bats (D:1)
  A giant newt (D:1)
  15 goblins
  8 rats (D:1)
42 creatures vanquished.

Notes
Turn   | Place    | Note
--------------------------------------------------------------
     0 | D:1      | Hanyuu, the Octopode Transmuter, began the quest for the Orb.
     0 | D:1      | Reached XP level 1. HP: 13/13 MP: 3/3
   139 | D:1      | Reached XP level 2. HP: 12/18 MP: 5/5
   354 | D:1      | Learned a level 2 spell: Sticks to Snakes
   593 | D:1      | Reached skill level 4 in Unarmed Combat
   713 | D:1      | Reached XP level 3. HP: 23/23 MP: 4/6
   940 | D:2      | Found a bloodstained altar of Trog.
   968 | D:2      | Noticed Robin
  1198 | D:2      | Learned a level 3 spell: Spider Form
  1324 | D:2      | Killed Robin
  1717 | D:2      | Shot with a sling bullet by a goblin

Action                   || total
-------------------------++-------
Melee: Unarmed           ||    88
 Cast: Beastly Appendage ||     2
       Spider Form       ||     1
 Stab: Sleeping          ||     8
  Eat: Bread ration      ||     1
       Chunk             ||     1
